 Dungeon Crawl Stone Soup version 0.30-a0-116-g3b1a8e4ee4 (webtiles) character file.

Game seed: 11094176544564303365

655 frimble the Trooper (level 7, -5/54 (55) HPs)
             Began as a Demonspawn Hexslinger on Sept 12, 2022.
             Slain by a mummy (12 damage)
             ... in an ossuary.
             The game lasted 00:05:58 (5157 turns).

frimble the Trooper (Demonspawn Hexslinger)         Turns: 5157, Time: 00:05:59

HP:   -5/54 (55)    AC:  5    Str: 11    XL:     7   Next: 29%
MP:   8/8           EV: 12    Int: 18    God:
Gold: 11            SH:  0    Dex: 15    Spells: 7/8 levels left

rFire   . . .      SeeInvis .    b - +1 dagger (flame)
rCold   . . .      Faith    .    (no shield)
rNeg    . . .      Spirit   .    c - +1 robe
rPois   .          Reflect  .    (helmet restricted)
rElec   .          Harm     .    l - +1 cloak
rCorr   .          Rampage  .    (no gloves)
Will    .....                    (no boots)
Stlth   +.........               v - amulet of the acrobat
HPRegen 0.18/turn                (no ring)
MPRegen 0.11/turn                (no ring)

@: lightly drained
A: antennae 2, ignite blood 1, big brain 2
a: no special abilities


You were in an ossuary.
You visited 1 branch of the dungeon, and saw 5 of its levels.
You also visited: Ossuary.

You collected 236 gold pieces.
You spent 225 gold pieces at shops.

Inventory:

Hand Weapons
 a - a +2 sling
 b - a +1 dagger of flaming (weapon)
Armour
 c - a +1 robe (worn)
 f - a scarf of invisibility
 l - a +1 cloak (worn)
Jewellery
 j - a ring of flight
 v - an amulet of the acrobat (around neck)
Scrolls
 e - a scroll of fog
 g - a scroll of vulnerability
 i - a scroll of blinking
 m - a scroll of summoning
 n - 2 scrolls of teleportation
 o - 2 scrolls of amnesia
 q - a scroll of enchant armour
 t - 2 scrolls of poison
 y - a scroll of immolation
Potions
 d - 2 potions of cancellation {unknown}
 h - 2 potions of curing
 k - a potion of invisibility {unknown}
 r - a potion of might
 s - 2 potions of brilliance {unknown}
 u - a potion of attraction
 w - 2 potions of flight {unknown}
 x - a potion of mutation {unknown}


   Skills:
 + Level 4.7 Fighting
 + Level 2.0 Short Blades
 + Level 4.5 Ranged Weapons
 - Level 1.8 Dodging
 - Level 1.0 Spellcasting
 - Level 3.0 Hexes
 - Level 3.1 Evocations


You had 7 spell levels left.
You knew the following spells:

 Your Spells              Type           Power      Damage    Failure   Level
a - Slow                  Hex            44%        N/A       6%          1

Your spell library contained the following spells:

 Spells                   Type           Power      Damage    Failure   Level
 Tukima's Dance           Hex            11%        N/A       17%         3
 Dazzling Flash           Conj/Hex       12%        N/A       32%         3
 Inner Flame              Hex/Fire       6%         N/A       32%         3
 Portal Projectile        Hex/Tloc       12%        N/A       32%         3
 Cause Fear               Hex            5%         N/A       50%         4
 Call Canine Familiar     Summ           0%         N/A       52%         3
 Leda's Liquefaction      Hex/Erth       3%         N/A       71%         4
 Passage of Golubria      Tloc           0%         N/A       89%         4
 Silence                  Hex/Air        3%         N/A       96%         5
 Yara's Violent Unravell  Hex/Tmut       3%         3d4       96%         5
 Agony                    Necr           0%         N/A       99%         5


Dungeon Overview and Level Annotations

Branches:
Dungeon (5/15)             Temple (0/1) D:4         Ossuary (1/1)

Altars:

Shops:
D:1 *   D:2 !   D:4 *


Innate Abilities, Weirdness & Mutations

You have a pair of antennae on your head.
Your demonic aura sometimes causes spilled blood to erupt in flames.
You have an extremely huge brain. (Int +4)


Message History

Press: ? - help, Q - select action Shift-Dir - straight line, f - mummy
Aim: a mummy (chance to affect: 50%)
The mummy resists with some effort.
The mummy hits you.
You hit the mummy. You burn the mummy.
The mummy is lightly damaged.
You hit the mummy. You burn the mummy.
The mummy is moderately damaged.
The mummy hits you!
* * * LOW HITPOINT WARNING * * *
You hit the mummy. You burn the mummy.
The mummy is moderately damaged.
You hit the mummy. You burn the mummy.
The mummy is heavily damaged.
The mummy barely misses you.
You feel much better.
You hit the mummy but do no damage.
The mummy is heavily damaged.
The mummy hits you!
You hit the mummy but do no damage.
The mummy is heavily damaged.
You hit the mummy but do no damage.
The mummy is heavily damaged.
The mummy hits you!
* * * LOW HITPOINT WARNING * * *
You hit the mummy. You burn the mummy.
The mummy is severely damaged.
The mummy closely misses you.
You hit the mummy. You burn the mummy.
The mummy is severely damaged.
You hit the mummy but do no damage.
The mummy is severely damaged.
The mummy hits you.
* * * LOW HITPOINT WARNING * * *
You barely miss the mummy.
The mummy is severely damaged.
You hit the mummy but do no damage.
The mummy is severely damaged.
The mummy hits you!
You die...

## ##. !. #####
?. #.!!# #. #...#
#. ##.## ###M###
#.### ##...@.##
##.'.#
##.......###..###
#.....^...#...'.#
+....⌠....'...###
#.........#...'.#
##.......###..###
##.....## ##.'.#
###'### #.### #.#
##.##


You could see a mummy.

Vanquished Creatures
  2 black bears (D:4)
  3 necrophages
  A centaur zombie (Ossuary)
  2 orc priests
  An iguana (D:3)
  2 orc wizards
  A mummy (Ossuary)
  5 adders
  2 dart slugs
  6 orcs
  9 endoplasms
  6 giant cockroaches
  4 goblins
  6 hobgoblins
  A quokka (D:1)
  7 ball pythons
  2 bats
  7 kobolds
  A kobold zombie (Ossuary)
  2 orc zombies (Ossuary)
  A rat (D:2)
71 creatures vanquished.

Notes
Turn   | Place    | Note
-------+----------+-------------------------------------------
     0 | D:1      | frimble the Demonspawn Hexslinger began the quest for the
                  | Orb.
     0 | D:1      | Reached XP level 1. HP: 15/15 MP: 2/2
   660 | D:1      | Gained mutation: Your demonic aura sometimes causes spilled
                  | blood to erupt in flames. [demonic ancestry]
   660 | D:1      | Reached XP level 2. HP: 21/21 MP: 3/3
   844 | D:1      | Found Doarph's Assorted Antiques.
   920 | D:1      | Bought a scroll labelled ZUYMEU YGHE for 28 gold pieces
  1646 | D:2      | Gained mutation: You have an unusually large brain. (Int
                  | +2) [demonic ancestry]
  1646 | D:2      | Reached XP level 3. HP: 27/27 MP: 4/4
  1962 | D:2      | Found Desiuset's Distillery.
  1971 | D:2      | Bought a potion of curing for 36 gold pieces
  1971 | D:2      | Bought a potion of degeneration for 12 gold pieces
  2263 | D:3      | Reached skill level 1 in Evocations
  2338 | D:3      | Reached XP level 4. HP: 29/34 MP: 5/5
  2999 | D:3      | Found a faded altar of an unknown god.
  3021 | D:4      | Gained mutation: You have a pair of small antennae on your
                  | head. [demonic ancestry]
  3021 | D:4      | Reached XP level 5. HP: 41/41 MP: 6/6
  3179 | D:4      | Found a staircase to the Ecumenical Temple.
  3340 | D:4      | Noticed a black bear
  3349 | D:4      | Killed a black bear
  3350 | D:4      | Gained mutation: You have a pair of antennae on your head.
                  | [demonic ancestry]
  3350 | D:4      | Reached XP level 6. HP: 42/48 MP: 7/7
  4243 | D:4      | Reached skill level 1 in Short Blades
  4424 | D:4      | Gained mutation: You have an extremely huge brain. (Int +4)
                  | [demonic ancestry]
  4424 | D:4      | Reached XP level 7. HP: 31/53 MP: 8/8
  4623 | D:4      | Found Bopturopn's Assorted Antiques.
  4627 | D:4      | Bought a dented zirconium amulet for 110 gold pieces
  4627 | D:4      | Bought 2 fuming pink potions for 39 gold pieces
  4917 | D:5      | Entered Level 5 of the Dungeon
  4917 | D:5      | Found a sand-covered staircase.
  4944 | Ossuary  | Entered an ossuary
  5157 | Ossuary  | Slain by a mummy

Illustrated notes

Levels and vault maps discovered:
D:1:      minmay_arrival_checkered_box, layout_loops_corners, serial_shops,
          nicolae_shop_behind_doors
D:2:      layout_basic, serial_shops, shop
D:3:      layout_basic, shapermc_ecumenical_altar_hornbeckon,
          minmay_misc_feat_secret_circle
D:4:      layout_basic, minmay_temple_entry_offerings, serial_shops, shop
D:5:      layout_basic, old_standard_altar, serial_shops, nicolae_shop_stone,
          nicolae_ossuary_entry_monument, hex_large
Ossuary:  ossuary_crypta

Skill      XL: |  1  2  3  4  5  6  7 |
---------------+----------------------+-----
Ranged Weapons | 2 3 4 |  4.5
Fighting       | 2 3 4 |  4.7
Evocations     | 1 2 3 |  3.1
Short Blades   | 1 2 |  2.0
Dodging        | |  1.8
Spellcasting   | |  1.0
Hexes          | |  3.0

Action                   |  1- 3 |  4- 6 |  7- 9 || total
-------------------------+-------+-------+-------++-------
Melee: Dagger            |       |    58 |    74 ||   132
       Punch             |       |       |     1 ||     1
 Fire: Sling             |   117 |   131 |     2 ||   250
 Cast: Slow              |     2 |     3 |     1 ||     6
  Use: Scroll            |     8 |       |     6 ||    14
       Potion            |       |     1 |     2 ||     3
 Stab: Sleeping          |       |     1 |     1 ||     2
Armor: Robe              |    11 |    50 |    11 ||    72
Dodge: Dodged            |    29 |    57 |    40 ||   126

Table legend: (Time is in decaauts)
 A = Elapsed time spent in this place.
 B = Non-inter-level travel time spent in this place.
 C = Inter-level travel time spent in this place.
 D = Time resting spent in this place.
 E = Time spent auto-exploring this place.
 F = Levels seen in this place.
 G = Mean time per level.
                   A        B        C        D        E       F      G
               +--------+--------+--------+--------+--------+-----+--------+
         Total |   5223 |   4917 |    306 |     37 |   4116 |   6 |  870.5 |
       Dungeon |   5015 |   4709 |    306 |     37 |   3976 |   5 | 1003.0 |
       Ossuary |    208 |    208 |      0 |      0 |    140 |   1 |  208.0 |
               +--------+--------+--------+--------+--------+-----+--------+

Top non-repeatable levels by time:
     D:4: 1499 daAuts
     D:1: 1286 daAuts
     D:2: 1214 daAuts
     D:3: 989 daAuts
 Ossuary: 208 daAuts
     D:5: 25 daAuts
